 Dungeon Sprint DCSS version 0.28-a0-895-g6e5f11bd55 (webtiles) character file.

Game seed: 13022396866769837146

619 Turgor the Cleaver (level 7, -2/108 HPs)
             Began as a Minotaur Berserker on Nov 22, 2021.
             Was a Believer of Trog.
             Slain by Sonja (4 damage)
             ... in the Dungeon (Sprint I: "Red Sonja").
             The game lasted 00:03:21 (499 turns).

Turgor the Cleaver (Minotaur Berserker)              Turns: 499, Time: 00:03:21

Health: -2/108     AC:  4    Str: 21    XL:     7   Next: 21%
Magic:  6/6        EV: 14    Int:  6    God:    Trog [**....]
Gold:   252        SH:  0    Dex: 10    Spells: 6/6 levels left

rFire   . . .      SeeInvis +   a - +0 hand axe
rCold   . . .      Faith    .   (no shield)
rNeg    . . .      Spirit   .   k - +0 leather armour
rPois   .          Reflect  .   (helmet restricted)
rElec   .          Harm     .   (no cloak)
rCorr   .          Rampage  .   (no gloves)
Will    .....      NoTele   +   (no boots)
Stlth   ..........              (no amulet)
HPRegen 0.28/turn               l - ring of see invisible
MPRegen 0.10/turn               (no ring)

@: berserking, lethally poisoned (-2 -> -77), very quick
A: horns 2, retaliatory headbutt
a: Renounce Religion, Berserk, Trog's Hand


You were in the Dungeon.
You worshipped Trog.
Trog was pleased with you.
You visited 1 branch You collected 417 gold pieces.
You spent 165 gold pieces at shops.

Inventory:

Hand Weapons
 a - a +0 hand axe (weapon)
Armour
 b - a +0 animal skin
 k - a +0 leather armour (worn)
Jewellery
 l - a ring of see invisible (left hand)
Wands
 i - a wand of flame (12)
Scrolls
 h - a scroll of blinking
Potions
 c - a potion of curing
 d - a potion of heal wounds
 e - a potion of haste
 f - 2 potions of magic
 g - a potion of berserk rage
 j - a potion of ambrosia {unknown}


   Skills:
 * Level 10.1 Fighting
 * Level 10.1 Axes
 + Level 9.7 Armour
 + Level 8.9 Dodging


You had 6 spell levels left.
You didn't know any spells.
Your spell library was empty.

Dungeon Overview and Level Annotations

Branches:
Dungeon (1/1)

Altars:
Cheibriados
Dithmenos
Elyvilon
Fedhas
Gozag
Hepliaklqana
Kikubaaqudgha
Makhleb
Nemelex Xobeh
Okawaru
Qazlal
Ru
Sif Muna
Trog
Uskayaw
Vehumet
Wu Jian
Xom
Yredelemnul
Zin
The Shining One
Jiyva
Lugonu

Shops:
D =

Annotations:
D Sonja


Innate Abilities, Weirdness & Mutations

You have a pair of horns on your head.
You reflexively headbutt those who attack you in melee.


Message History

Sonja is moderately wounded.
You feel very sick.
Sonja hits you with a +1 short sword of venom.
Sonja barely misses you.
Sonja hits you with a +1 short sword of venom.
You are more poisoned.
You barely miss Sonja. Your headbutt misses Sonja.
Sonja is moderately wounded.
You feel very sick.
Sonja hits you with a +1 short sword of venom. x2
You are lethally poisoned!
Sonja misses you.
You closely miss Sonja. Your headbutt misses Sonja.
Sonja is moderately wounded.
* * * LOW HITPOINT WARNING * * *
You feel extremely sick.
Unknown command.
You miss Sonja. Your headbutt misses Sonja.
Sonja is moderately wounded.
* * * LOW HITPOINT WARNING * * *
You feel very sick.
Sonja hits you with a +1 short sword of venom.
* * * LOW HITPOINT WARNING * * *
You are more poisoned.
Sonja hits you with a +1 short sword of venom.
* * * LOW HITPOINT WARNING * * *
You are more poisoned.
Sonja completely misses you.
You closely miss Sonja. Your headbutt misses Sonja.
Sonja is moderately wounded.
* * * LOW HITPOINT WARNING * * *
You feel very sick.
Sonja hits you with a +1 short sword of venom.
* * * LOW HITPOINT WARNING * * *
You are more poisoned.
Sonja hits you with a +1 short sword of venom.
* * * LOW HITPOINT WARNING * * *
You are more poisoned.
Sonja hits you with a +1 short sword of venom.
You die...

######################
#<.#..)..#..'..#__#..+
#..').#..').#..'..'..#
#..#####'#####'#__####
#..####..#...#.####
#..#__####..##.#
#..#_____##'#_.+
#⌠⌠#_.∩...'..._#
####_..__##_@#'#
#_____###K#)# #######
#.### $.$ $.$ ##.##
#+#


You could see Sonja.

Vanquished Creatures
  A slime creature (D)
  Sigmund (D)
  A yak (D)
  An ogre (D)
  A jelly (D)
  Ijyb (D)
6 creatures vanquished.

Vanquished Creatures (others)
  A gargoyle (D)
1 creature vanquished.

Grand Total: 7 creatures vanquished

Notes
Turn   | Place    | Note
-------+----------+-------------------------------------------
     0 | D        | Turgor the Minotaur Berserker began the quest for the Orb.
     0 | D        | Reached XP level 1. HP: 19/19 MP: 0/0
     1 | D        | Noticed Ijyb
     6 | D        | Killed Ijyb
     7 | D        | Reached skill level 5 in Fighting
     7 | D        | Reached skill level 5 in Axes
     7 | D        | Reached XP level 2. HP: 24/29 MP: 1/1
   136 | D        | Noticed an ogre
   140 | D        | Killed an ogre
   141 | D        | Reached skill level 5 in Armour
   141 | D        | Reached skill level 5 in Dodging
   141 | D        | Reached XP level 3. HP: 38/38 MP: 2/2
   141 | D        | Reached XP level 4. HP: 45/45 MP: 3/3
   180 | D        | Noticed Sigmund
   186 | D        | Killed Sigmund
   186 | D        | Reached ** piety under Trog
   187 | D        | Reached XP level 5. HP: 53/53 MP: 4/4
   200 | D        | Killed a gargoyle
   222 | D        | Found an ornate altar of the Wu Jian Council.
   222 | D        | Found a shimmering blue altar of Sif Muna.
   224 | D        | Found a radiant altar of Vehumet.
   227 | D        | Reached XP level 6. HP: 62/62 MP: 5/5
   228 | D        | Found a viscous altar of Jiyva.
   228 | D        | Found a corrupted altar of Lugonu.
   228 | D        | Noticed a slime creature
   229 | D        | Found a burning altar of Makhleb.
   229 | D        | Found a shimmering altar of Xom.
   238 | D        | Killed a slime creature
   441 | D        | Found Nezareg's Jewellery Emporium.
   441 | D        | Found an ancient bone altar of Kikubaaqudgha.
   441 | D        | Found a hazy altar of Hepliaklqana.
   441 | D        | Found a stormy altar of Qazlal.
   441 | D        | Found a hide-covered altar of Uskayaw.
   441 | D        | Found a blossoming altar of Fedhas.
   441 | D        | Found a bloodstained altar of Trog.
   441 | D        | Found an iron altar of Okawaru.
   441 | D        | Found a basalt altar of Yredelemnul.
   441 | D        | Found a glowing golden altar of the Shining One.
   441 | D        | Found a snail-covered altar of Cheibriados.
   441 | D        | Found a sacrificial altar of Ru.
   441 | D        | Found a glowing silver altar of Zin.
   441 | D        | Found a shadowy altar of Dithmenos.
   441 | D        | Found a white marble altar of Elyvilon.
   441 | D        | Noticed a yak
   445 | D        | Killed a yak
   446 | D        | Reached skill level 10 in Fighting
   446 | D        | Reached skill level 10 in Axes
   446 | D        | Reached XP level 7. HP: 72/72 MP: 6/6
   446 | D        | Found an opulent altar of Gozag.
   447 | D        | Found a sparkling altar of Nemelex Xobeh.
   451 | D        | Bought a ring of see invisible for 165 gold pieces
   486 | D        | Noticed Sonja
   499 | D        | HP: 2/108 [Sonja (6)]
   499 | D        | Slain by Sonja

Illustrated notes

Levels and vault maps discovered:
D:        dungeon_sprint_1 [red_sonja_temple_1, red_sonja_temple_small_1]

Skill      XL: |  1  2  3  4  5  6 |
---------------+-------------------+-----
Fighting       | 5 6 8 10 | 10.1
Axes           | 5 6 8 10 | 10.1
Armour         | 4 5 7 8 9 |  9.7
Dodging        | 3 5 7 8 |  8.9

Action                   |  1- 3 |  4- 6 |  7- 9 || total
-------------------------+-------+-------+-------++-------
Melee: Hand axe          |     6 |    17 |    12 ||    35
       Headbutt          |       |     6 |       ||     6
Invok: Berserk           |     2 |     3 |     1 ||     6
Armor: Leather armour    |       |       |     2 ||     2
Dodge: Dodged            |       |     9 |     7 ||    16

Table legend: (Time is in decaauts)
 A = Elapsed time spent in this place.
 B = Non-inter-level travel time spent in this place.
 C = Inter-level travel time spent in this place.
 D = Time resting spent in this place.
 E = Time spent auto-exploring this place.
 F = Levels seen in this place.
 G = Mean time per level.
                   A        B        C        D        E       F      G
               +--------+--------+--------+--------+--------+-----+--------+
         Total |    535 |    535 |      0 |    371 |      0 |   1 |  535.0 |
       Dungeon |    535 |    535 |      0 |    371 |      0 |   1 |  535.0 |
               +--------+--------+--------+--------+--------+-----+--------+

Top non-repeatable levels by time:
       D: 535 daAuts
